MLB
BALTIMORE ORIOLES @ CHICAGO CUBS
06/02/2020
 
TOP OF THE 1ST
Baltimore Orioles batting - Pitching for Chicago Cubs : RHP Tyler Chatwood
Pitching: RHP Tyler Chatwood
Batting: RHB Hanser Alberto 0-0: Called Strike
0-1: Called Strike
0-2: Strikes out looking
Batting: LHB Rio Ruiz 0-0: Called Strike
0-1: DOUBLE (Groundball, 3L, EV 110.0 MPH)
Batting: SHB Anthony Santander 0-0: Ball
1-0: Foul Ball, location: 2F
1-1: SINGLE (Line Drive, 4MD, EV 103.8 MPH)
Rio Ruiz to third
Batting: RHB Trey Mancini 0-0: DOUBLE (Line Drive, 7LS, EV 95.0 MPH)
Rio Ruiz scores
Anthony Santander to third
Runner from 3rd tries for Home, SAFE, throw by LF to home
Batting: RHB Austin Hays 0-0: Foul Ball, location: 2F
0-1: Swinging Strike
0-2: Foul Ball, location: 2F
0-2: Foul Ball, location: 2F
0-2: Ball
1-2: Ground out U3 (Groundball, 34, EV 104.4 MPH)
Trey Mancini to third
Batting: LHB Chance Sisco 0-0: Ground out 4-3 (Groundball, 4, EV 88.1 MPH)
Top of the 1st over - 2 runs, 3 hits, 0 errors, 1 left on base; Baltimore 2 - Chicago 0
BOTTOM OF THE 1ST
Chicago Cubs batting - Pitching for Baltimore Orioles : RHP Aaron Sanchez
Pitching: RHP Aaron Sanchez
Batting: LHB Jason Heyward 0-0: Foul Ball, location: 2F
0-1: Called Strike
0-2: Ball
1-2: Strikes out looking
Batting: RHB Kris Bryant 0-0: Called Strike
0-1: Swinging Strike
0-2: Ball
1-2: Foul Ball, location: 2F
1-2: Ground out 6-3 (Groundball, 56, EV 88.1 MPH)
Batting: LHB Anthony Rizzo 0-0: Swinging Strike
0-1: Called Strike
0-2: Ball
1-2: Ball
2-2: SINGLE (Line Drive, 9S, EV 112.5 MPH)
Batting: RHB Javier Baez 0-0: Foul Ball, location: 2F
0-1: Ground out 4-3 (Groundball, 4, EV 83.8 MPH)
Bottom of the 1st over - 0 runs, 1 hit, 0 errors, 1 left on base; Baltimore 2 - Chicago 0
TOP OF THE 2ND
Baltimore Orioles batting - Pitching for Chicago Cubs : RHP Tyler Chatwood
Batting: RHB Renato Nunez 0-0: Ball
1-0: Foul Ball, location: 2F
1-1: Ball
2-1: Ball
3-1: Fly out, F6 (Popup, 6M, EV 53.1 MPH)
Batting: RHB Aaron Sanchez 0-0: Ground out 1-3 (Groundball, 23, EV 68.8 MPH)
Batting: RHB Jose Iglesias 0-0: Ball
1-0: Ground out 4-3 (Groundball, 4, EV 103.8 MPH)
Top of the 2nd over - 0 runs, 0 hits, 0 errors, 0 left on base; Baltimore 2 - Chicago 0
BOTTOM OF THE 2ND
Chicago Cubs batting - Pitching for Baltimore Orioles : RHP Aaron Sanchez
Batting: LHB Kyle Schwarber 0-0: Ball
1-0: Swinging Strike
1-1: Called Strike
1-2: Foul Ball, location: 2F
1-2: Ball
2-2: Hit by Pitch
Batting: RHB Willson Contreras 0-0: Called Strike
0-1: Fly out, F5 (Flyball, 5D, EV 88.1 MPH)
Batting: LHB Jason Kipnis 0-0: Called Strike
0-1: Ball
1-1: Swinging Strike
1-2: Foul Ball, location: 2F
1-2: Grounds into double play, 6-4-3 (Groundball, 6, EV 101.9 MPH)
Bottom of the 2nd over - 0 runs, 0 hits, 0 errors, 0 left on base; Baltimore 2 - Chicago 0
TOP OF THE 3RD
Baltimore Orioles batting - Pitching for Chicago Cubs : RHP Tyler Chatwood
Batting: RHB Hanser Alberto 0-0: Ball
1-0: Called Strike
1-1: Ball
2-1: Swinging Strike
2-2: Strikes out swinging
Batting: LHB Rio Ruiz 0-0: Ball
1-0: Ball
2-0: Ball
3-0: Base on Balls
Batting: SHB Anthony Santander 0-0: Called Strike
0-1: Grounds into double play, 4-6-3 (Groundball, 4, EV 110.0 MPH)
Top of the 3rd over - 0 runs, 0 hits, 0 errors, 0 left on base; Baltimore 2 - Chicago 0
BOTTOM OF THE 3RD
Chicago Cubs batting - Pitching for Baltimore Orioles : RHP Aaron Sanchez
Batting: RHB Albert Almora Jr. 0-0: Ball
1-0: Ball
2-0: Ball
3-0: Called Strike
3-1: Fly out, F9 (Flyball, 9, EV 73.8 MPH)
Batting: RHB Tyler Chatwood 0-0: Ball
1-0: Ball
2-0: Foul Ball, location: 2F
2-1: Foul Ball, location: 2F
2-2: SINGLE (Groundball, 6S, EV 76.3 MPH) (infield hit)
Batting: LHB Jason Heyward 0-0: Ball
1-0: Called Strike
1-1: Foul Ball, location: 2F
1-2: Grounds into double play, U6-3 (Groundball, P, EV 83.1 MPH)
Bottom of the 3rd over - 0 runs, 1 hit, 0 errors, 0 left on base; Baltimore 2 - Chicago 0
TOP OF THE 4TH
Baltimore Orioles batting - Pitching for Chicago Cubs : RHP Tyler Chatwood
Batting: RHB Trey Mancini 0-0: Ball
1-0: Called Strike
1-1: Fly out, F8 (Flyball, 78D, EV 99.4 MPH)
Batting: RHB Austin Hays 0-0: Foul Ball, location: 2F
0-1: Ball
1-1: Ball
2-1: Foul Ball, location: 2F
2-2: Foul Ball, location: 2F
2-2: Ball
3-2: Fly out, F9 (Line Drive, 9, EV 97.5 MPH)
Batting: LHB Chance Sisco 0-0: SINGLE (Line Drive, 56D, EV 96.9 MPH)
Batting: RHB Renato Nunez 0-0: Ground out 4-3 (Groundball, 34, EV 106.9 MPH)
Top of the 4th over - 0 runs, 1 hit, 0 errors, 1 left on base; Baltimore 2 - Chicago 0
BOTTOM OF THE 4TH
Chicago Cubs batting - Pitching for Baltimore Orioles : RHP Aaron Sanchez
Batting: RHB Kris Bryant 0-0: Ground out 4-3 (Groundball, 6MD, EV 106.9 MPH)
Batting: LHB Anthony Rizzo 0-0: Called Strike
0-1: Ball
1-1: Swinging Strike
1-2: Hit by Pitch
Batting: RHB Javier Baez 0-0: Ball
1-0: Ball
2-0: Ball
3-0: Called Strike
3-1: Called Strike
3-2: Foul Ball, location: 2F
3-2: Foul Ball, location: 2F
3-2: DOUBLE (Line Drive, 7LS, EV 102.5 MPH)
Anthony Rizzo to third
Batting: LHB Kyle Schwarber 0-0: Foul Ball, location: 2F
0-1: Called Strike
0-2: Ball
1-2: Foul Ball, location: 2F
1-2: Ball
2-2: Ball
3-2: Base on Balls
Batting: RHB Willson Contreras 0-0: Ball
1-0: Foul Ball, location: 2F
1-1: Grounds into double play, 5-4-3 (Groundball, 56, EV 78.1 MPH)
Bottom of the 4th over - 0 runs, 1 hit, 0 errors, 2 left on base; Baltimore 2 - Chicago 0
TOP OF THE 5TH
Baltimore Orioles batting - Pitching for Chicago Cubs : RHP Tyler Chatwood
Batting: RHB Aaron Sanchez 0-0: Ball
1-0: Foul Ball, location: 2F
1-1: Swinging Strike
1-2: Hit by Pitch
Pinch Runner at 1st Chris Davis:
Batting: RHB Jose Iglesias 0-0: SINGLE (Line Drive, 8LS, EV 108.8 MPH)
Chris Davis to second
Batting: RHB Hanser Alberto 0-0: Called Strike
0-1: Ball
1-1: Ball
2-1: Ball
3-1: Called Strike
3-2: Fly out, F8 (Line Drive, 8LM, EV 95.0 MPH)
Batting: LHB Rio Ruiz 0-0: Ball
1-0: Ball
2-0: Ball
3-0: Called Strike
3-1: Base on Balls
Chris Davis to third
Jose Iglesias to second
Batting: SHB Anthony Santander 0-0: Ball
1-0: Grounds out, U3 (Groundball, 3L, EV 89.4 MPH)
Chris Davis scores
Jose Iglesias to third
Batting: RHB Trey Mancini 0-0: Intentional Walk
Batting: RHB Austin Hays 0-0: Called Strike
0-1: Ball
1-1: SINGLE (Flyball, 3D, EV 81.9 MPH)
Jose Iglesias scores
Rio Ruiz to third
Trey Mancini to second
Runner from 3rd tries for Home, SAFE, throw by RF to home
Pitching: RHP Zac Grotz
Batting: LHB Chance Sisco 0-0: SINGLE (Line Drive, 3D, EV 103.1 MPH)
Trey Mancini to third
Austin Hays to second
Runner from 3rd tries for Home, SAFE, throw by RF to home
Batting: RHB Renato Nunez 0-0: Ball
1-0: Called Strike
1-1: Called Strike
1-2: Ball
2-2: Foul Ball, location: 2F
2-2: Ball
3-2: Strikes out looking
Top of the 5th over - 4 runs, 3 hits, 0 errors, 2 left on base; Baltimore 6 - Chicago 0
BOTTOM OF THE 5TH
Chicago Cubs batting - Pitching for Baltimore Orioles :
Pitching: RHP Greg Holland
Batting: LHB Jason Kipnis 0-0: Called Strike
0-1: Called Strike
0-2: Strikes out swinging
Batting: RHB Albert Almora Jr. 0-0: Ground out 4-3 (Groundball, 4, EV 87.5 MPH)
Batting: RHB Zac Grotz 0-0: Foul Ball, location: 2F
0-1: Ball
1-1: Ball
2-1: Foul Ball, location: 2F
2-2: Ball
3-2: Strikes out swinging
Bottom of the 5th over - 0 runs, 0 hits, 0 errors, 0 left on base; Baltimore 6 - Chicago 0
TOP OF THE 6TH
Baltimore Orioles batting - Pitching for Chicago Cubs : RHP Zac Grotz
Batting: RHB Greg Holland 0-0: Called Strike
0-1: Ball
1-1: Called Strike
1-2: Foul Ball, location: 2F
1-2: Ball
2-2: Ball
3-2: Strikes out swinging, 2-3 out at first.
Batting: RHB Jose Iglesias 0-0: Ball
1-0: Ball
2-0: Foul Ball, location: 2F
2-1: Foul Ball, location: 2F
2-2: Foul Ball, location: 2F
2-2: Ball
3-2: Ground out U3 (Groundball, 34, EV 91.3 MPH)
Batting: RHB Hanser Alberto 0-0: Ground out 5-3 (Groundball, 56S, EV 81.9 MPH)
Top of the 6th over - 0 runs, 0 hits, 0 errors, 0 left on base; Baltimore 6 - Chicago 0
BOTTOM OF THE 6TH
Chicago Cubs batting - Pitching for Baltimore Orioles : RHP Greg Holland
Batting: LHB Jason Heyward 0-0: Ball
1-0: Called Strike
1-1: Foul Ball, location: 2F
1-2: Ground out 2-3 (Groundball, 2R, EV 73.1 MPH)
Batting: RHB Kris Bryant 0-0: Called Strike
0-1: SINGLE (Flyball, 6D, EV 95.0 MPH)
Batting: LHB Anthony Rizzo 0-0: Ball
1-0: Ball
2-0: Ball
3-0: Called Strike
3-1: Base on Balls
Kris Bryant to second
Pitching: RHP Isaac Mattson
Batting: RHB Javier Baez 0-0: Ball
1-0: Ball
2-0: Swinging Strike
2-1: Foul Ball, location: 2F
2-2: Strikes out swinging
Batting: LHB Kyle Schwarber 0-0: Ball
1-0: Ball
2-0: Ball
3-0: Foul Ball, location: 2F
3-1: Base on Balls
Kris Bryant to third
Anthony Rizzo to second
Batting: RHB Willson Contreras 0-0: Foul Ball, location: 2F
0-1: Ball
1-1: Ball
2-1: Ball
3-1: Base on Balls
Kris Bryant scores
Anthony Rizzo to third
Kyle Schwarber to second
Batting: LHB Jason Kipnis 0-0: Fly out, F3 (Popup, 3F, EV 66.9 MPH)
Bottom of the 6th over - 1 run, 1 hit, 0 errors, 3 left on base; Baltimore 6 - Chicago 1
TOP OF THE 7TH
Baltimore Orioles batting - Pitching for Chicago Cubs : RHP Zac Grotz
Pitching: RHP Casey Sadler
Batting: LHB Rio Ruiz 0-0: Called Strike
0-1: Called Strike
0-2: Ball
1-2: Strikes out swinging
Batting: SHB Anthony Santander 0-0: Called Strike
0-1: Ball
1-1: Foul Ball, location: 2F
1-2: Foul Ball, location: 2F
1-2: SINGLE (Groundball, 34S, EV 66.9 MPH) (infield hit)
Batting: RHB Trey Mancini 0-0: Foul Ball, location: 2F
0-1: Foul Ball, location: 2F
0-2: Strikes out swinging
Batting: RHB Austin Hays 0-0: Hit by Pitch
Anthony Santander to second
Batting: LHB Chance Sisco 0-0: Called Strike
0-1: Ball
1-1: Ball
2-1: Foul Ball, location: 2F
2-2: Ball
3-2: Foul Ball, location: 2F
3-2: Base on Balls
Anthony Santander to third
Austin Hays to second
Pitching: RHP Jharel Cotton
Batting: RHB Renato Nunez 0-0: Ball
1-0: Called Strike
1-1: Foul Ball, location: 2F
1-2: Strikes out looking
Top of the 7th over - 0 runs, 1 hit, 0 errors, 3 left on base; Baltimore 6 - Chicago 1
BOTTOM OF THE 7TH
Chicago Cubs batting - Pitching for Baltimore Orioles : RHP Isaac Mattson
Batting: RHB Albert Almora Jr. 0-0: Ball
1-0: Foul Ball, location: 2F
1-1: SINGLE (Line Drive, 9S, EV 90.6 MPH)
Pinch Hitting: SHB Ian Happ 0-0: Ball
1-0: Ball
2-0: DOUBLE (Flyball, 7LD, EV 112.5 MPH)
Albert Almora Jr. to third
Batting: LHB Jason Heyward 0-0: Hit by Pitch
Batting: RHB Kris Bryant 0-0: Ball
1-0: Ball
2-0: Called Strike
2-1: Grounds into double play, 5-4-3 (Groundball, 56S, EV 92.5 MPH)
Albert Almora Jr. scores
Ian Happ to third
Pitching: RHP Shawn Armstrong
Batting: LHB Anthony Rizzo 0-0: Called Strike
0-1: Foul Ball, location: 2F
0-2: Foul Ball, location: 2F
0-2: Ball
1-2: Ball
2-2: Ball
3-2: Ground out 4-3 (Groundball, 34D, EV 109.4 MPH)
Bottom of the 7th over - 1 run, 2 hits, 0 errors, 1 left on base; Baltimore 6 - Chicago 2
TOP OF THE 8TH
Baltimore Orioles batting - Pitching for Chicago Cubs : RHP Jharel Cotton
Pitching: RHP Alec Mills
Pinch Hitting: LHB Dwight Smith Jr. 0-0: Called Strike
0-1: Ball
1-1: SINGLE (Line Drive, 78S, EV 93.1 MPH)
Batting: RHB Jose Iglesias 0-0: Fielders Choice at 2nd, 6-4 (Groundball, 6M, EV 108.1 MPH)
Batting: RHB Hanser Alberto 0-0: Ball
1-0: Fielders Choice at 2nd, 6-4 (Groundball, 6MS, EV 88.8 MPH)
Batting: LHB Rio Ruiz 0-0: Called Strike
0-1: Called Strike
0-2: Ball
1-2: Foul Ball, location: 2F
1-2: Foul Ball, location: 2F
1-2: Fly out, F8 (Line Drive, 8RD, EV 111.3 MPH)
Top of the 8th over - 0 runs, 1 hit, 0 errors, 1 left on base; Baltimore 6 - Chicago 2
BOTTOM OF THE 8TH
Chicago Cubs batting - Pitching for Baltimore Orioles : RHP Shawn Armstrong
Pitching: RHP Travis Lakins
Batting: RHB Javier Baez 0-0: Called Strike
0-1: Ground out 5-3 (Groundball, 5, EV 90.6 MPH)
Batting: LHB Kyle Schwarber 0-0: Foul Ball, location: 2F
0-1: Ball
1-1: Fly out, F9 (Line Drive, 9, EV 90.0 MPH)
Batting: RHB Willson Contreras 0-0: Called Strike
0-1: Ball
1-1: Ball
2-1: Foul Ball, location: 2F
2-2: Fly out, F8 (Flyball, 89D, EV 93.1 MPH)
Bottom of the 8th over - 0 runs, 0 hits, 0 errors, 0 left on base; Baltimore 6 - Chicago 2
TOP OF THE 9TH
Baltimore Orioles batting - Pitching for Chicago Cubs : RHP Alec Mills
Batting: SHB Anthony Santander 0-0: Called Strike
0-1: Fly out, F7 (Flyball, 7S, EV 92.5 MPH)
Batting: RHB Trey Mancini 0-0: Called Strike
0-1: Foul Ball, location: 2F
0-2: Strikes out swinging
Batting: RHB Austin Hays 0-0: Ball
1-0: Called Strike
1-1: SOLO HOME RUN (Flyball, 89XD, EV 95.6 MPH), Distance : 432 ft
Batting: LHB Chance Sisco 0-0: Ball
1-0: Swinging Strike
1-1: Ball
2-1: Ball
3-1: Swinging Strike
3-2: Base on Balls
Pitching: RHP Brandon Morrow
Batting: RHB Renato Nunez 0-0: Fielders Choice at 2nd, 6-4 (Groundball, 56, EV 83.1 MPH)
Top of the 9th over - 1 run, 1 hit, 0 errors, 1 left on base; Baltimore 7 - Chicago 2
BOTTOM OF THE 9TH
Chicago Cubs batting - Pitching for Baltimore Orioles : RHP Travis Lakins
Batting: LHB Jason Kipnis 0-0: Ball
1-0: Ball
2-0: Ball
3-0: Foul Ball, location: 2F
3-1: Ground out 6-3 (Groundball, 6, EV 109.4 MPH)
Pitching: LHP Richard Bleier
Batting: RHB Albert Almora Jr. 0-0: Called Strike
0-1: Swinging Strike
0-2: Ball
1-2: Strikes out swinging
Pinch Hitting: SHB Victor Caratini 0-0: Called Strike
0-1: Foul Ball, location: 2F
0-2: Ball
1-2: Fly out, F8 (Flyball, 78D, EV 102.5 MPH)
Bottom of the 9th over - 0 runs, 0 hits, 0 errors, 0 left on base; Baltimore 7 - Chicago 2
Monday, June 8th, 2020 - OOTP Baseball 21.3 Build 54